 Dungeon Crawl Stone Soup version 0.18.1-48-g4cf74bf (console) character file.

5022 Kloppie the Cleaver (level 10, -3/94 HPs)
             Began as a Hill Orc Fighter on July 6, 2016.
             Was a High Priest of Okawaru.
             Slain by a gnoll sergeant
             ... wielding a +0 halberd
              (10 damage)
             ... in a bailey.
             The game lasted 00:11:40 (7844 turns).

Kloppie the Cleaver (Hill Orc Fighter)              Turns: 7844, Time: 00:11:41

Health: -3/94      AC: 22    Str: 20    XL:     10   Next: 55%
Magic:  10/10      EV:  6    Int:  8    God:    Okawaru [*****.]
Gold:   303        SH:  5    Dex: 13    Spells: 0 memorised, 9 levels left

rFire  + . .     SeeInvis +     a - +1 war axe
rCold  . . .     Gourm    .     H - +0 plate armour
rNeg   . . .     Faith    +     h - +0 buckler
rPois  .         Spirit   .     j - +1 helmet
rElec  .         Dismiss  .     (no cloak)
rCorr  .         Reflect  .     m - +2 pair of gloves
SustAt .         Harm     .     t - +0 pair of boots
MR     .....                    A - amulet of faith
Stlth  ..........               v - ring of protection from fire
                                s - ring of see invisible

@: glowing, not resistant to hostile enchantments, extremely unstealthy
A: no striking features
a: Heroism, Finesse, Renounce Religion


You were in a bailey.
You worshipped Okawaru.
Okawaru was extremely pleased with you.
You were not hungry.

You visited 1 branch of the dungeon, and saw 8 of its levels.
You also visited: Bailey.

You collected 303 gold pieces.

Inventory:

Hand Weapons
 a - a +1 war axe (weapon)
 i - the +5 broad axe of the Sea {drain, *Corrode MR+ Str+3 Int+2}
   (Okawaru gifted it to you in a bailey)

   A truly terrible weapon, it drains the life of those it strikes.
   It affects your strength (+3).
   It affects your intelligence (+2).
   It affects your resistance to hostile enchantments.
   It may corrode you when you take damage.
Armour
 c - a +0 shield
 h - a +0 buckler (worn)
 j - a +1 helmet (worn)
 m - a +2 pair of gloves (worn)
 t - a +0 pair of boots (worn)
 H - a +0 plate armour (worn)
Jewellery
 s - a ring of see invisible (left hand)
 v - a ring of protection from fire (right hand)
 A - an amulet of faith (around neck)
Wands
 q - a wand of acid (7/15)
 r - a wand of paralysis (13/24)
 y - a wand of flame (0/48)
 E - a wand of polymorph (17/24)
Scrolls
 l - a scroll of recharging
 p - a scroll of enchant weapon
 x - 4 scrolls of teleportation
Potions
 b - 2 potions of flight
 d - a potion of might
 e - a potion of mutation {unknown}
 o - 3 potions of curing
 u - 2 potions of magic
 w - a potion of lignification {unknown}
 z - a potion of cure mutation {unknown}
 F - a potion of heal wounds {unknown}
 G - a potion of ambrosia {unknown}
Books
 C - a Necronomicon

   Spells                             Type                      Level
   a - Haunt                          Necromancy/Summoning         7
   b - Borgnjor's Revivification      Necromancy                   8
   c - Death's Door                   Charms/Necromancy            8
   d - Necromutation                  Transmutation/Necromancy     8
Comestibles
 f - 4 bread rations
 g - 2 chunks of flesh
 k - 7 fruits
 n - 2 beef jerkies
 B - a slice of pizza
 D - 3 meat rations


   Skills:
 + Level 10.9 Fighting
 + Level 11.5 Axes
 + Level 10.2 Armour
 - Level 4.0 Shields


You had 9 spell levels left.
You didn't know any spells.

Dungeon Overview and Level Annotations

Branches:
Dungeon (8/15)             Temple (0/1) D:4
   Lair: D:8-11

Altars:
Ashenzari
Cheibriados
Dithmenos
Elyvilon
Fedhas
Makhleb
Nemelex Xobeh
Okawaru
Pakellas
Qazlal
Vehumet
Xom
Yredelemnul
Zin
The Shining One

Shops:
D:7 [


Message History

The gnoll sergeant is severely wounded.
Your plate armour prevents you from hitting the gnoll.
The gnoll barely misses you.
The gnoll sergeant hits you but does no damage.
Your plate armour prevents you from hitting the gnoll sergeant.
The gnoll sergeant is severely wounded.
You hit the gnoll but do no damage. The gnoll hits you but does no damage.
The gnoll sergeant hits you but does no damage.
You hit the gnoll.
The gnoll is lightly wounded.
You hit the gnoll sergeant.
The gnoll sergeant is severely wounded.
You block the gnoll's attack. The gnoll sergeant barely misses you.
The gnoll barely misses you.
You barely miss the gnoll.
The gnoll is lightly wounded.
You hit the gnoll sergeant.
The gnoll sergeant is almost dead.
The gnoll sergeant hits you with a halberd!
You die...

♣≈..##'###.....######..≈...♣♣
♣≈......#.......#)..'...(...♣♣♣#
♣≈....).'...8..))[).'..)...∩..∩#
♣≈.....)#......)#...'..)....♣♣♣#
♣≈..##'###.....######..≈...♣♣
♣≈..#.)).##...##..+ #..≈...♣
♣≈..#.)...#####)..# #..≈...♣
♣≈..#.......'))gg.# #..≈..♣♣
♣≈..##......#.)@..# #..≈.♣♣ ♣≈
##.8...#.).8.# #..≈.♣
############# ..≈≈♣♣


You could see a gnoll sergeant and a gnoll.

Vanquished Creatures
  The ghost of Kloppie the Carver, a novice MiSk of Makhleb (D:8)
  Pikel (D:7)
  The ghost of loom the Conjurer, a novice DECj of Vehumet (D:5)
  Prince Ribbit (D:7)
  Menkaure (D:7)
  2 slaves (D:7)
  5 sky beasts
  7 ogres
  3 centaurs (D:6)
  Blork the orc (D:6)
  3 giant frogs
  7 gnoll sergeants (Bailey)
  A howler monkey (D:6)
  3 crimson imps
  2 quasits
  A jelly (D:5)
  4 hounds
  A centaur skeleton (D:5)
  A giant frog skeleton (D:4)
  5 orc priests
  6 gnoll shamans (Bailey)
  An iguana (D:4)
  Natasha (thrice) (D:3)
  6 orc wizards
  5 worker ants
  A worker ant zombie (D:7)
  13 gnolls (Bailey)
  7 adders
  2 shadow imps
  2 oozes
  An adder zombie (D:5)
  3 adder skeletons
  6 worms
  3 dart slugs
  7 giant geckos
  16 orcs
  A giant cockroach (D:1)
  10 goblins
  6 hobgoblins
  11 jackals
  4 kobolds
  2 quokkas
  A ball python zombie (D:6)
  5 bats
  6 rats
179 creatures vanquished.

Notes
Turn   | Place    | Note
--------------------------------------------------------------
     0 | D:1      | Kloppie the Hill Orc Fighter began the quest for the Orb.
     0 | D:1      | Reached XP level 1. HP: 19/19 MP: 1/1
    96 | D:1      | Reached skill level 3 in Axes
   155 | D:1      | Reached XP level 2. HP: 26/26 MP: 2/2
   168 | D:1      | Found a sparkling altar of Nemelex Xobeh.
   396 | D:1      | Reached XP level 3. HP: 24/33 MP: 3/3
   956 | D:2      | Found an oddly glowing altar of Pakellas.
   964 | D:2      | Reached XP level 4. HP: 40/40 MP: 4/4
  1238 | D:3      | Reached skill level 4 in Axes
  1542 | D:3      | Found an iron altar of Okawaru.
  1548 | D:3      | Noticed Natasha
  1909 | D:2      | Reached XP level 5. HP: 39/47 MP: 5/5
  2045 | D:3      | Killed Natasha
  2139 | D:3      | Reached skill level 5 in Axes
  2189 | D:3      | Became a worshipper of Warmaster Okawaru
  2358 | D:3      | Noticed Natasha
  2360 | D:3      | Reached skill level 5 in Fighting
  2365 | D:3      | Killed Natasha
  2365 | D:3      | Reached XP level 6. HP: 56/56 MP: 6/6
  2379 | D:3      | Noticed Natasha
  2395 | D:3      | Killed Natasha
  2865 | D:4      | Reached skill level 5 in Armour
  2874 | D:4      | Found a staircase to the Ecumenical Temple.
  3059 | D:3      | Reached XP level 7. HP: 49/62 MP: 7/7
  3061 | D:3      | Reached skill level 6 in Axes
  3130 | D:4      | Reached * piety under Okawaru
  3574 | D:4      | Found a radiant altar of Vehumet.
  3575 | D:4      | Found a burning altar of Makhleb.
  3676 | D:5      | Entered Level 5 of the Dungeon
  3798 | D:5      | Reached skill level 7 in Axes
  3802 | D:5      | Reached XP level 8. HP: 41/71 MP: 8/8
  4082 | D:5      | Noticed loom's ghost (novice DECj)
  4172 | D:5      | Killed loom's ghost
  4172 | D:5      | Reached ** piety under Okawaru
  4172 | D:5      | Reached skill level 8 in Axes
  5002 | D:6      | Reached skill level 9 in Axes
  5002 | D:6      | Reached XP level 9. HP: 77/82 MP: 9/9
  5050 | D:6      | Found a shadowy altar of Dithmenos.
  5134 | D:6      | Found a glowing golden altar of the Shining One.
  5136 | D:6      | Found a basalt altar of Yredelemnul.
  5136 | D:6      | Found a blossoming altar of Fedhas.
  5137 | D:6      | Found a sparkling altar of Nemelex Xobeh.
  5137 | D:6      | Found a snail-covered altar of Cheibriados.
  5137 | D:6      | Found a stormy altar of Qazlal.
  5137 | D:6      | Found a white marble altar of Elyvilon.
  5271 | D:6      | Reached *** piety under Okawaru
  5311 | D:6      | Noticed Blork the orc
  5325 | D:6      | Killed Blork the orc
  5797 | D:7      | Found a shattered altar of Ashenzari.
  5971 | D:7      | Noticed Pikel
  6003 | D:7      | Killed Pikel
  6003 | D:7      | Reached **** piety under Okawaru
  6003 | D:7      | Received a gift from Okawaru
  6003 | D:7      | Reached skill level 10 in Axes
  6092 | D:7      | Noticed Prince Ribbit
  6206 | D:7      | Killed Prince Ribbit
  6289 | D:7      | Found Hais's Armour Emporium.
  6431 | D:7      | Reached XP level 10. HP: 79/93 MP: 10/10
  6464 | D:7      | Reached skill level 10 in Fighting
  6503 | D:7      | Noticed Menkaure
  6507 | D:7      | Killed Menkaure
  6621 | D:8      | Found a glowing silver altar of Zin.
  6624 | D:8      | Noticed an angel
  6626 | D:8      | Found a shimmering altar of Xom.
  6835 | D:8      | Noticed Kloppie's ghost (novice MiSk)
  6873 | D:8      | Killed Kloppie's ghost
  6873 | D:8      | Reached ***** piety under Okawaru
  6873 | D:8      | Reached skill level 11 in Axes
  6974 | D:8      | Found a flagged portal.
  6983 | Bailey   | Entered a bailey
  7073 | Bailey   | Reached skill level 10 in Armour
  7423 | Bailey   | Received a gift from Okawaru
  7429 | Bailey   | Got a dazzling broad axe {god gift}
  7430 | Bailey   | Identified the +5 broad axe of the Sea {drain, *Corrode MR+ Str+3 Int+2} (Okawaru gifted it to you in a bailey)
  7844 | Bailey   | Slain by a gnoll sergeant

Skill      XL: |  1  2  3  4  5  6  7  8  9 10 |
---------------+-------------------------------+-----
Axes           | 3 4 5 7 9 10 11 | 11.5
Fighting       | 4 5 6 8 9 10 | 10.9
Shields        | 4 |  4.0
Armour         | 4 5 6 7 9 10 | 10.2

Action                   |  1- 3 |  4- 6 |  7- 9 | 10-12 || total
-------------------------+-------+-------+-------+-------++-------
Melee: War axe           |    74 |   182 |   322 |   200 ||   778
  Use: Scroll            |       |    12 |     1 |       ||    13
       Potion            |       |       |       |     2 ||     2
  Eat: Chunk             |       |     7 |     6 |     5 ||    18
       Meat ration       |       |       |     1 |       ||     1
Armor: Scale mail        |    32 |    15 |       |       ||    47
       Chain mail        |       |    87 |   234 |    91 ||   412
       Plate armour      |       |       |       |   114 ||   114
Dodge: Dodged            |    29 |    62 |    84 |   114 ||   289
Block: Buckler           |    18 |    31 |    89 |    79 ||   217
